 Dungeon Crawl Stone Soup version 0.25.1-8-g42b30a86e7 (webtiles) character file.

Game seed: 16974851994196953515

1417 Gabide the Poker (level 9, -1/66 HPs)
             Began as a Human Abyssal Knight on Dec 4, 2020.
             Was an Elder of Lugonu.
             Killed by nerve-wracking pain
             ... invoked by an orc priest
              (4 damage)
             ... on level 6 of the Dungeon.
             The game lasted 00:13:51 (6550 turns).

Gabide the Poker (Human Abyssal Knight)             Turns: 6550, Time: 00:13:51

Health: -1/66      AC: 15    Str: 15    XL:     9   Next: 2%
Magic:  7/12       EV: 10    Int: 12    God:    Lugonu [****..]
Gold:   341        SH:  0    Dex: 14    Spells: 8/8 levels left

rFire    . . .     SeeInvis .   r - +1 halberd
rCold    + . .     Gourm    .   (shield currently unavailable)
rNeg     . . .     Faith    +   h - +4 scale mail
rPois    .         Spirit   .   z - +0 helmet
rElec    .         Reflect  .   s - +2 cloak
rCorr    .         Harm     .   (no gloves)
MR       .....                  (no boots)
Stlth    ..........             u - amulet of faith
HPRegen  0.21/turn              w - ring of protection from cold
MPRegen  0.13/turn              (no ring)

@: no status effects
A: no striking features
a: Depart the Abyss, Bend Space, Banish, Corrupt, Renounce Religion


You were on level 6 of the Dungeon.
You worshipped Lugonu.
Lugonu was greatly pleased with you.
You were not hungry.

You visited 1 branch of the dungeon, and saw 6 of its levels.
You visited the Abyss 1 time.

You collected 341 gold pieces.

Inventory:

Hand Weapons
 a - a +2 spear
 p - a +2 spear of venom
 q - a +1 flail of holy wrath
 r - a +1 halberd (weapon)
Missiles
 j - 17 poisoned darts (quivered)
Armour
 c - a +0 helmet of intelligence
 h - a +4 scale mail (worn)
 s - a +2 cloak (worn)
 z - a +0 helmet (worn)
Jewellery
 b - an uncursed ring of ice
 o - an uncursed amulet of guardian spirit
 u - an amulet of faith (around neck)
 w - a ring of protection from cold (left hand)
Wands
 y - a wand of enslavement (9)
Scrolls
 l - 2 scrolls of remove curse
 n - a scroll of identify
Potions
 e - a potion of ambrosia
 f - 3 potions of lignification
 g - 3 potions of curing {unknown}
 i - a potion of magic {unknown}
 k - 3 potions of might {unknown}
 m - 2 potions of degeneration {unknown}
 A - 2 potions of resistance {unknown}
Comestibles
 t - 10 rations


   Skills:
 + Level 4.6 Fighting
 + Level 7.2 Polearms
 + Level 1.2 Throwing
 + Level 4.7 Armour
 + Level 2.0 Dodging
 - Level 1.1 Stealth
 * Level 5.1 Invocations


You had 8 spell levels left.
You didn't know any spells.
Your spell library was empty.

Dungeon Overview and Level Annotations

Branches:
Dungeon (6/15)
 Temple: D:4-7

Altars:
Elyvilon
Hepliaklqana
Makhleb
Nemelex Xobeh
Qazlal
Sif Muna
Uskayaw
Xom
Yredelemnul

Annotations:
D:6 Maggie


Message History

The orc priest calls down the wrath of Beogh upon you.
Beogh smites you!
* * * LOW HITPOINT WARNING * * *
All of the chunks of flesh in your inventory have rotted away.
You cannot move away from Maggie!
Space bends around you!
You blink.
The orc priest calls down the wrath of Beogh upon you.
You struggle to resist.
You break out of your daze!
The orc priest looks satisfied for a moment.
You hear a zap.
Some rock shatters into small pieces.
Okay, then.
The orc priest looks braver for a moment.
Maggie gestures wildly while chanting.
Maggie attempts to bespell you! You resist.
Maggie mumbles the words to a spell, but in the wrong order.
The orc priest calls down the wrath of Beogh upon you.
Pain shoots through your body!
You die...

............# .. .##..####..###
... ###..........# ##...
..#.##....##.## #....
#...#..#..##..## #..... .....
#.....###.###..###.##.# ....#
#..>## #.####.##..##[..#....##
...## #.##.......##.##..=...
....# #.......@..##..#......
....# ###.........o.#....%.#
..#.# #........##.@......# 8.#.##
####..>...oo.†......##.# ..#..#
###........##o...(.(..(...
8.#..###.............#...§(.#.
..##.....#.##.#.>..........((....
8..#.....#.#..#..####......##....
................... ##.....# ....


You could see Maggie, 2 orc priests and 2 orcs.

Vanquished Creatures
  Eustachio (D:5)
  Duvessa (D:5)
  2 sky beasts
  A centaur (D:5)
  2 ogres
  Dowan (D:5)
  A howler monkey (D:6)
  Crazy Yiuf (D:5)
  2 centaur skeletons (D:4)
  3 hounds
  An iguana (D:4)
  2 orc wizards (D:3)
  2 worker ants (D:4)
  16 adders
  6 gnolls
  2 howler monkey skeletons (D:4)
  A shadow imp (D:5)
  4 adder skeletons
  An adder zombie (D:3)
  2 worms
  A dart slug (D:1)
  A leopard gecko (D:2)
  9 orcs
  6 giant cockroaches
  9 goblins
  9 hobgoblins
  10 jackals
  4 quokkas
  3 ball pythons
  A ball python skeleton (D:5)
  7 bats
  6 frilled lizards
  6 kobolds
  A leopard gecko skeleton (D:4)
  A leopard gecko zombie (D:5)
  8 rats
  A fungus (D:5)
135 creatures vanquished.

Vanquished Creatures (others)
  An orc priest (D:6)
1 creature vanquished.

Grand Total: 136 creatures vanquished

Notes
Turn   | Place    | Note
-------+----------+-------------------------------------------
     0 | Abyss:1  | Gabide the Human Abyssal Knight began the quest for the
                  | Orb.
     0 | Abyss:1  | Reached XP level 1. HP: 18/18 MP: 2/2
    25 | Abyss:1  | Noticed a starcursed mass
    30 | Abyss:1  | Found a corrupted altar of Lugonu.
    32 | D:1      | Escaped the Abyss
   135 | D:1      | Reached * piety under Lugonu
   142 | D:1      | Reached XP level 2. HP: 11/24 MP: 3/3
   529 | D:1      | Reached XP level 3. HP: 26/29 MP: 4/4
   879 | D:1      | Reached ** piety under Lugonu
  1233 | D:2      | Reached XP level 4. HP: 33/35 MP: 5/5
  1654 | D:2      | Reached skill level 3 in Polearms
  2084 | D:2      | Reached XP level 5. HP: 42/42 MP: 6/6
  2898 | D:3      | Reached skill level 4 in Polearms
  3046 | D:3      | Found a shimmering blue altar of Sif Muna.
  3096 | D:3      | Reached XP level 6. HP: 47/48 MP: 6/8
  3129 | D:3      | Reached *** piety under Lugonu
  3369 | D:3      | Found a shimmering altar of Xom.
  3704 | D:4      | Found a basalt altar of Yredelemnul.
  3736 | D:4      | Reached skill level 5 in Polearms
  3848 | D:4      | Found a stormy altar of Qazlal.
  3934 | D:4      | Found a sparkling altar of Nemelex Xobeh.
  3975 | D:4      | Reached XP level 7. HP: 52/53 MP: 9/9
  4751 | D:5      | Entered Level 5 of the Dungeon
  4769 | D:5      | Noticed Eustachio
  4788 | D:5      | Killed Eustachio
  4788 | D:5      | Reached skill level 6 in Polearms
  4788 | D:5      | Reached XP level 8. HP: 19/60 MP: 9/11
  5276 | D:5      | Noticed Duvessa
  5276 | D:5      | Noticed Dowan
  5286 | D:5      | Killed Duvessa
  5286 | D:5      | Reached skill level 1 in Stealth
  5293 | D:5      | Killed Dowan
  5448 | D:5      | Found a hazy altar of Hepliaklqana.
  5510 | D:5      | Found a white marble altar of Elyvilon.
  5593 | D:5      | Reached **** piety under Lugonu
  5891 | D:5      | Reached skill level 1 in Throwing
  6252 | D:5      | Found a runed translucent door.
  6253 | D:5      | Noticed Crazy Yiuf
  6261 | D:5      | Killed Crazy Yiuf
  6291 | D:6      | Found a burning altar of Makhleb.
  6301 | D:6      | Reached skill level 7 in Polearms
  6342 | D:6      | Found a hide-covered altar of Uskayaw.
  6450 | D:6      | Reached skill level 5 in Invocations
  6516 | D:6      | Reached XP level 9. HP: 60/66 MP: 12/12
  6518 | D:6      | Noticed Maggie
  6543 | D:6      | HP: 3/66 [orc priest/divine providence (10)]
  6550 | D:6      | Killed from afar by an orc priest

Illustrated notes

Levels and vault maps discovered:
D:1:      saegor_arrival_simple_c, layout_basic
D:2:      layout_loops_corners, serial_bayou_pond_b
D:3:      layout_loops_ring, lemuel_crystal_altar, led_sif_book
D:4:      minmay_inner_zag, layout_cave_pools, overflow_temple_1_default,
          nemelex_xobeh_ov_fountains_minmay, nicolae_overflow_hidden_temple
D:5:      layout_basic, nicolae_overflow_crystal_walls, first_ration,
          serial_glass, glass_columns_a, glass_columns_b, elyvilon_altar_5,
          uniq_crazy_yiuf_cottage, uniq_duvessa, uniq_eustachio
D:6:      layout_rooms, eat_drink_and_be_merry_uskayaw,
          minmay_temple_entry_junction, makhleb_heckhound_becter, uniq_maggie

Skill      XL: |  1  2  3  4  5  6  7  8 |
---------------+-------------------------+-----
Polearms       | 3 4 5 6 7 |  7.2
Invocations    | 3 4 5 |  5.1
Armour         | 3 4 |  4.7
Fighting       | 4 |  4.6
Stealth        | 1 |  1.1
Throwing       | 1 |  1.2
Dodging        | 2 |  2.0

Action                   |  1- 3 |  4- 6 |  7- 9 || total
-------------------------+-------+-------+-------++-------
Melee: Spear             |   140 |   215 |    53 ||   408
       Halberd           |       |       |   135 ||   135
Throw: Dart              |       |     2 |    27 ||    29
Invok: Depart the Abyss  |     1 |       |       ||     1
       Bend Space        |       |       |     2 ||     2
       Banish            |       |       |     1 ||     1
  Use: Scroll            |     5 |     7 |     3 ||    15
       Potion            |       |     2 |     2 ||     4
  Eat: Ration            |     1 |       |       ||     1
       Chunk             |       |     7 |     8 ||    15
Armor: Leather armour    |     5 |       |       ||     5
       Scale mail        |    44 |    65 |   139 ||   248
       Skin              |       |     8 |       ||     8
Dodge: Dodged            |    73 |    53 |   116 ||   242
